 Dungeon Crawl Stone Soup version 0.25-a0-578-gc91f01c39c (webtiles) character file.

Game seed: 11577213595173309921, levelgen mode: deterministic

145 inmateoo the Insei (level 5, -4/41 HPs)
             Began as a Vampire Monk on Mar 7, 2020.
             Slain by Grinder (6 damage)
             ... while paralysed by Grinder
             ... on level 3 of the Dungeon.
             The game lasted 00:02:19 (2201 turns).

inmateoo the Insei (Vampire Monk)                   Turns: 2201, Time: 00:02:19

Health: -4/41      AC:  6    Str: 11    XL:     5   Next: 6%
Magic:  5/5        EV:  2    Int: 12    God:
Gold:   116        SH:  0    Dex: 17    Spells: 4/4 levels left

rFire    . . .     SeeInvis +     - Unarmed
rCold    . . .     Gourm    .   (no shield)
rNeg     . . .     Faith    .   m - +0 ring mail
rPois    .         Spirit   .   q - +0 helmet
rElec    .         Reflect  .   (no cloak)
rCorr    .         Harm     .   (no gloves)
MR       .....                  (no boots)
Stlth    ++........             (no amulet)
HPRegen  0.33/turn              (no ring)
MPRegen  0.09/turn              (no ring)

@: paralysed, berserk cooldown, regenerating quickly, slowed
A: no food, fangs 3, see invisible, unbreathing
a: Exsanguinate


You were on level 3 of the Dungeon.
You were alive.

You visited 1 branch of the dungeon, and saw 3 of its levels.

You collected 116 gold pieces.

Inventory:

Hand Weapons
 e - a +0 dagger of venom
 n - a +5 club
Armour
 m - a +0 ring mail (worn)
 q - a +0 helmet (worn)
Scrolls
 c - a scroll of enchant weapon {unknown}
 d - a scroll of magic mapping {unknown}
 f - a scroll of remove curse {unknown}
 k - a scroll of teleportation {unknown}
 o - a scroll of random uselessness {unknown}
Potions
 a - a potion of stabbing {unknown}
 b - 2 potions of brilliance {unknown}
 g - a potion of curing
 h - a potion of ambrosia {unknown}
 i - a potion of resistance {unknown}
 j - a potion of berserk rage
 l - a potion of heal wounds {unknown}
 p - a potion of degeneration {unknown}


   Skills:
 + Level 3.5 Fighting
 + Level 4.2 Dodging
 - Level 3.0 Stealth
 * Level 5.0 Unarmed Combat


You had 4 spell levels left.
You didn't know any spells.
Your spell library was empty.

Dungeon Overview and Level Annotations

Branches:
Dungeon (3/15)

Altars:
Nemelex Xobeh
Uskayaw
Wu Jian

Annotations:
D:3 Grinder


Innate Abilities, Weirdness & Mutations

You do not eat.
Your natural rate of healing is unusually fast.
You have razor-sharp teeth.
You have supernaturally acute eyesight. (SInv)
You can survive without breathing.


Message History

Grinder barely misses you.
Press: ? - help, v - describe, . - travel A stone staircase leading down, spattered with blood.
Unknown command.
Press: ? - help, v - describe, . - travel, g - get item
Here: Grinder (lightly wounded)
A scroll labeled GUCON PIVUDDEA.
The floor.
You feel better. Grinder gestures at you.
You suddenly lose the ability to move!
Grinder hits you.
You writhe in agony.
Grinder hits you.
* * * LOW HITPOINT WARNING * * *
You writhe in agony.
* * * LOW HITPOINT WARNING * * *
Grinder hits you.
* * * LOW HITPOINT WARNING * * *
Grinder barely misses you. Grinder hits you.
You die...

#.######.##.#
#.# #.##.# #.#
#.##.# #.#
#.##.# #.#
#.##.# .# #.##.#
######.##.#
#########
...........#
#........
..###...#..# #@#
..........# #5#
.###.###..####.#
.............#
###.###.#######
#. #.# #.# #. #.


You could see Grinder.

Vanquished Creatures
  Jessica (D:2)
  A worker ant (D:2)
  3 adders (D:2)
  3 worms
  2 dart slugs
  3 leopard geckos
  7 bats
  2 giant cockroaches (D:1)
  4 hobgoblins
  3 jackals (D:2)
  7 frilled lizards
  8 goblins
  6 kobolds
  5 rats
55 creatures vanquished.

Notes
Turn   | Place    | Note
-------+----------+-------------------------------------------
     0 | D:1      | inmateoo the Vampire Monk began the quest for the Orb.
     0 | D:1      | Reached XP level 1. HP: 17/17 MP: 1/1
   148 | D:1      | Reached XP level 2. HP: 23/23 MP: 2/2
   515 | D:1      | Reached skill level 4 in Unarmed Combat
   801 | D:2      | Reached XP level 3. HP: 29/29 MP: 3/3
  1268 | D:2      | Reached XP level 4. HP: 33/35 MP: 4/4
  1276 | D:2      | Found a sparkling altar of Nemelex Xobeh.
  1452 | D:2      | Noticed a +0 dagger
  1452 | D:2      | Noticed a +0 dagger
  1453 | D:2      | Found a hide-covered altar of Uskayaw.
  1593 | D:2      | Noticed Jessica
  1629 | D:2      | Killed Jessica
  1629 | D:2      | Reached skill level 5 in Unarmed Combat
  1800 | D:2      | Reached XP level 5. HP: 36/41 MP: 5/5
  1991 | D:2      | Found an ornate altar of the Wu Jian Council.
  2176 | D:3      | Noticed Grinder
  2187 | D:3      | Paralysed by Grinder for 5 turns
  2193 | D:3      | HP: 2/41 [Grinder (9)]
  2197 | D:3      | Paralysed by Grinder for 5 turns
  2199 | D:3      | HP: 2/41 [Grinder (5)]
  2201 | D:3      | Slain by Grinder

Levels and vault maps discovered:
D:1:      minmay_arrival_arboretum_small, layout_loops_ring
D:2:      layout_loops_corners, dancing_weapons_uskayaw,
          lemuel_coloured_pillars_altar, marbit_many_paths, first_ration,
          uniq_jessica
D:3:      layout_loops_ring, uniq_grinder

Skill      XL: |  1  2  3  4 |
---------------+-------------+-----
Fighting       | 3 |  3.5
Unarmed Combat | 4 5 |  5.0
Dodging        | 4 |  4.2
Stealth        | |  3.0

Action                   |  1- 3 |  4- 6 || total
-------------------------+-------+-------++-------
Melee: Unarmed           |   115 |   104 ||   219
       Bite              |     8 |    12 ||    20
       Punch             |     1 |     5 ||     6
  Use: Potion            |       |     5 ||     5
 Stab: Sleeping          |     7 |     3 ||    10
       Distracted        |       |     1 ||     1
Armor: Robe              |    18 |       ||    18
       Ring mail         |       |    29 ||    29
Dodge: Dodged            |    90 |    71 ||   161

Table legend:
 A = Non-vault XP
 B = Vault XP
 C = Vault XP percentage of total XP
 D = Non-vault monster count
 E = Vault monster count
 F = Vault count percentage of total count
                 A         B        C        D         E       F
            +---------+---------+-------+---------+---------+-------
      Total |     167 |      41 |  19.7 |      53 |       2 |   3.6
            +---------+---------+-------+---------+---------+-------
        D:1 |      35 |       0 |   0.0 |      21 |       0 |   0.0
        D:2 |     122 |      41 |  25.2 |      29 |       2 |   6.5
        D:3 |      10 |       0 |   0.0 |       3 |       0 |   0.0
            +---------+---------+-------+---------+---------+-------
